 Dungeon Crawl Stone Soup version 0.18.1-50-g88ac8fd (webtiles) character file.

36 Charly the Sneak (level 3, -2/18 HPs)
             Began as a Spriggan Warper on Oct 1, 2016.
             Slain by a hound (3 damage)
             ... on level 9 of the Dungeon.
             The game lasted 00:11:52 (489 turns).

Charly the Sneak (Spriggan Warper)                   Turns: 489, Time: 00:11:52

Health: -2/18      AC:  2    Str:  7    XL:     3   Next: 19%
Magic:  8/8        EV: 18    Int: 15    God:
Gold:   41         SH:  0    Dex: 15    Spells: 2 memorised, 4 levels left

rFire  . . .     SeeInvis +     a - +0 short sword
rCold  . . .     Gourm    .     b - +0 robe
rNeg   . . .     Faith    .     (shield restricted)
rPois  .         Spirit   .     (helmet restricted)
rElec  .         Dismiss  .     (no cloak)
rCorr  +         Reflect  .     (gloves unavailable)
SustAt .         Harm     .     (boots unavailable)
MR     .....                    (no amulet)
Stlth  +++.......               (no ring)
                                i - ring of resist corrosion

@: very quick, not resistant to hostile enchantments, fairly stealthy
A: unfitting armour, see invisible, herbivore 3, speed 3, slow metabolism 2
a: no special abilities


You were on level 9 of the Dungeon.
You were not hungry.

You visited 2 branches of the dungeon, and saw 10 of its levels.

You collected 41 gold pieces.

Inventory:

Hand Weapons
 a - a +0 short sword (weapon)
Missiles
 e - 2 tomahawks of dispersal (quivered)
Armour
 b - a +0 robe (worn)
Jewellery
 i - a ring of resist corrosion (left hand)
Wands
 l - a wand of lightning (0/15)
 m - a wand of flame (19/48)
Scrolls
 d - a scroll of blinking
 h - 2 scrolls of identify {unknown}
 k - a scroll of recharging {unknown}
Potions
 g - a potion of cure mutation {unknown}
 j - a potion of curing {unknown}
Books
 c - a book of Spatial Translocations

   Spells                             Type                      Level
   a - Apportation                    Translocation                1
   b - Blink                          Translocation                2
   c - Shroud of Golubria             Charms/Translocation         2
   d - Portal Projectile              Translocation                3
   e - Teleport Other                 Translocation                3
   f - Passage of Golubria            Translocation                4
Comestibles
 f - 4 bread rations


   Skills:
 - Level 1.5 Fighting
 - Level 2.1 Short Blades
 - Level 1.0 Throwing
 - Level 3.5 Dodging
 + Level 4.7 Stealth
 - Level 2.6 Spellcasting
 - Level 4.4 Translocations


You had 4 spell levels left.
You knew the following spells:

 Your Spells              Type           Power        Failure   Level  Hunger
a - Apportation           Tloc           ###.......   3%          1    #......
b - Blink                 Tloc           N/A          6%          2    ##.....


Dungeon Overview and Level Annotations

Branches:
Dungeon (9/15)             Temple (1/1) D:7            Lair (0/8) D:8
    Orc: D:9-12

Altars:
Cheibriados
Fedhas
Kikubaaqudgha
Makhleb
Okawaru
Trog
Xom
Yredelemnul
Zin
The Shining One

Shops:
D:6 }

Annotations:
D:2 Ijyb


Innate Abilities, Weirdness & Mutations

You are tiny and cannot use many weapons and most armour.
You have supernaturally acute eyesight.
You are a herbivore.
You cover ground extremely quickly.
You need consume almost no food.


Message History

The hound bites you.
* * * LOW HITPOINT WARNING * * *
Evoke which item? (* to show all) (? for menu, Esc to quit)
Zapping:
m - a wand of flame {zapped: 5} (will waste charges)
Press: ? - help, Shift-Dir - straight line, f/p - hound
Aim: a hound (heavily wounded)
The puff of flame hits the hound.
The hound is almost dead.
Evoking this partially-identified wand wasted a few charges.
The hound bites you but does no damage. The hound bites you.
* * * LOW HITPOINT WARNING * * *
Evoke which item? (* to show all) (? for menu, Esc to quit)
Zapping:
m - a wand of flame {zapped: 7} (will waste charges)
Press: ? - help, Shift-Dir - straight line, f/p - hound
Aim: a hound (almost dead)
The puff of flame hits the hound.
The hound is almost dead.
Evoking this partially-identified wand wasted a few charges.
The hound bites you.
You die...

...?.......
.........#
.....h..
#...... #
#..... .##
#.... ...#
#...###.....
#...........
#.<.@h......
########....
>.


You could see a hound.

Vanquished Creatures
  A worker ant (D:7)
  2 giant geckos
  A giant cockroach (D:7)
  3 hobgoblins
  A giant gecko skeleton (D:5)
  A giant newt (D:3)
  2 rats
11 creatures vanquished.

Notes
Turn   | Place    | Note
--------------------------------------------------------------
     0 | D:1      | Charly the Spriggan Warper began the quest for the Orb.
     0 | D:1      | Reached XP level 1. HP: 10/10 MP: 5/5
    27 | D:2      | Found a snail-covered altar of Cheibriados.
    41 | D:2      | Noticed Ijyb
    56 | D:2      | Reached skill level 1 in Stealth
   185 | D:4      | TAKE 1
   217 | D:5      | Entered Level 5 of the Dungeon
   218 | D:5      | Found an iron altar of Okawaru.
   236 | D:5      | Reached XP level 2. HP: 8/14 MP: 4/6
   285 | D:6      | Found Amas's Gadget Shoppe.
   298 | D:6      | Noticed a crimson imp
   305 | D:7      | Learned a level 2 spell: Blink
   308 | D:7      | Found a bloodstained altar of Trog.
   333 | D:7      | Found a staircase to the Ecumenical Temple.
   339 | Temple   | Entered the Ecumenical Temple
   411 | D:7      | Reached XP level 3. HP: 9/18 MP: 8/8
   413 | D:7      | Found a blossoming altar of Fedhas.
   433 | D:7      | Noticed a phantom
   456 | D:8      | Noticed a necrophage
   464 | D:8      | Noticed a sky beast
   470 | D:8      | Found a staircase to the Lair.
   489 | D:9      | Slain by a hound

Skill      XL: |  1  2 |
---------------+-------+-----
Stealth        | 2 4 |  4.7
Fighting       | |  1.5
Short Blades   | |  2.1
Throwing       | |  1.0
Dodging        | |  3.5
Spellcasting   | |  2.6
Translocations | |  4.4

Action                   || total
-------------------------++-------
Melee: Short sword       ||    34
Throw: Tomahawk          ||     3
 Cast: Apportation       ||     8
Evoke: Wand              ||     7
 Stab: Sleeping          ||     5
  Eat: Pizza             ||     1
Armor: Robe              ||     3
Dodge: Dodged            ||    23
